 Dungeon Crawl Stone Soup version 0.28-a0-655-g4eb62b627b (webtiles) character file.

Game seed: 13342677958328746862

135 ytrimaz the Insei (level 5, -13/33 HPs)
             Began as an Octopode Transmuter on Oct 12, 2021.
             Was an Initiate of Sif Muna.
             Mangled by an earth elemental (34 damage)
             ... created by the adversity of Qazlal
             ... on level 3 of the Dungeon.
             The game lasted 00:05:44 (3029 turns).

ytrimaz the Insei (Octopode Transmuter)             Turns: 3029, Time: 00:05:45

Health: -13/33     AC:  2    Str: 10    XL:     5   Next: 18%
Magic:  15/17      EV: 20    Int: 15    God:    Sif Muna [......]
Gold:   47         SH:  0    Dex: 18    Spells: 4/8 levels left

rFire   . . .      SeeInvis .     - Unarmed
rCold   . . .      Faith    .   (shield currently unavailable)
rNeg    . . .      Spirit   .   (helmet currently unavailable)
rPois   x          Reflect  .   (no amulet)
rElec   .          Harm     .   c - ring of magical power
rCorr   .          Rampage  .   (no ring)
Will    .....                   (no ring)
Stlth   ++........              (no ring)
HPRegen 0.11/turn               (no ring)
MPRegen 0.15/turn               (no ring)
                                (no ring)
                                (no ring)

@: spider-form (expiring)
A: venomous fangs, almost no armour, (amphibious), 8 rings, tiny, (camouflage
1), (gelatinous body 1), (nimble swimmer 1), (tentacles)
a: End Transformation, Renounce Religion


You were on level 3 of the Dungeon.
You worshipped Sif Muna.
Sif Muna was noncommittal.
You were a venomous arachnid creature.
You visited 1 branch of the dungeon, and saw 3 of its levels.

You collected 47 gold pieces.

Inventory:

Magical Staves
 d - a staff of earth
Jewellery
 c - a ring of magical power (left front leg)
Scrolls
 e - a scroll of identify
Potions
 a - a potion of curing
 b - a potion of flight
 h - a potion of invisibility {unknown}


   Skills:
 - Level 1.0 Fighting
 + Level 2.8 Dodging
 + Level 0.2 Shields
 + Level 4.6 Unarmed Combat
 - Level 2.0 Spellcasting
 * Level 3.0 Transmutations
 + Level 0.2 Poison Magic


You had 4 spell levels left.
You knew the following spells:

 Your Spells              Type           Power      Damage    Failure   Level
a - Beastly Appendage     Tmut           20%        N/A       17%         1
b - Spider Form           Tmut/Pois      3%         N/A       54%         3

Your spell library contained the following spells:

 Spells                   Type           Power      Damage    Failure   Level
 Wereblood                Tmut           10%        N/A       24%         2
 Ice Form                 Ice/Tmut       6%         N/A       89%         4


Dungeon Overview and Level Annotations

Branches:
Dungeon (3/15)

Altars:
Qazlal
Sif Muna

Shops:
D:2 =


Innate Abilities, Weirdness & Mutations

You are a venomous arachnid creature.
You have poisonous fangs.
You are tiny and dextrous.
Your spellcasting is less reliable in this form.
Your armour is entirely melded.
You are incapable of wielding weapons or throwing items.
You cannot wear most types of armour.
((You are amphibious.))
You can wear up to eight rings at the same time.
((Your skin changes colour to match your surroundings (Stealth+).))
((Your rubbery body absorbs attacks. (AC +1, EV +1)))
((You are camouflaged near water. (Stealth+)))
((You have tentacles for arms and can constrict up to eight enemies at once.))


Message History

You hit the rime drake.
The rime drake is moderately wounded.
The rime drake barely misses you.
You bite the rime drake!
The rime drake is severely wounded.
The rime drake breathes ice at you. The flash freeze misses you.
You hit the rime drake but do no damage.
The rime drake looks as sick as possible!
The rime drake is heavily wounded.
The rime drake bites you.
You hit the rime drake.
The rime drake looks as sick as possible!
The rime drake is severely wounded.
Your transformation is almost over.
The rime drake closely misses you.
You hit the rime drake but do no damage.
The rime drake looks as sick as possible!
The rime drake is severely wounded.
The rime drake breathes ice at you. The flash freeze misses you.
You barely miss the rime drake.
The rime drake is severely wounded.
You hear the rusting of a very distant drain.
The rime drake bites you.
You barely miss the rime drake.
The rime drake is almost dead.
The rime drake bites you but does no damage.
You hit the rime drake.
You kill the rime drake!
That felt strangely unrewarding.
The earth elemental closely misses you.
You see here a +0 dagger.
You hit the earth elemental.
The earth elemental is lightly damaged.
You hit the earth elemental but do no damage.
The earth elemental is lightly damaged.
The earth elemental hits you!!
Ouch! That really hurt!
You die...

........##..........#
#.########..........#
.# #........<.# .###
#..........# ..#
#..........# #.#
##..♣♣♣♣♣♣♣# #.#
##..♣.....♣ #.#
#...♣.._..♣ #s##
#..)♣♣...♣♣# #E)#
##......)...#
##.###..)........#
#.#..<..........#
#...###..>.....##
#....###......##
##.#.# ######## #.#.#
#.#.#


You could see an earth elemental.

Vanquished Creatures
  A rime drake (D:3)
  A scorpion (D:2)
  An adder (D:2)
  An ufetubus (D:2)
  3 worms (D:2)
  2 dart slugs (D:2)
  2 orcs (D:3)
  6 bats
  6 endoplasms (D:1)
  A giant cockroach (D:1)
  5 goblins
  A hobgoblin (D:1)
  A quokka (D:1)
  4 ball pythons
  4 frilled lizards
  3 kobolds
  4 rats
46 creatures vanquished.

Notes
Turn   | Place    | Note
-------+----------+-------------------------------------------
     0 | D:1      | ytrimaz the Octopode Transmuter began the quest for the
                  | Orb.
     0 | D:1      | Reached XP level 1. HP: 13/13 MP: 3/3
    45 | D:1      | Found a faded altar of an unknown god.
   163 | D:1      | Prayed at the altar of an unknown god.
   163 | D:1      | Became a worshipper of Qazlal Stormbringer
   163 | D:1      | Reached * piety under Qazlal
   174 | D:1      | You fall into a shaft and drop 1 floor!
   196 | D:2      | Reached XP level 2. HP: 18/18 MP: 5/5
  1270 | D:1      | Reached XP level 3. HP: 20/23 MP: 6/6
  1477 | D:1      | Learned a level 3 spell: Spider Form
  1487 | D:1      | Reached ** piety under Qazlal
  1705 | D:2      | Reached skill level 4 in Unarmed Combat
  1746 | D:2      | Noticed a scorpion
  1759 | D:2      | Killed a scorpion
  1760 | D:2      | Reached XP level 4. HP: 19/28 MP: 7/7
  2251 | D:2      | Reached XP level 5. HP: 13/33 MP: 8/8
  2660 | D:2      | Found Ruzax's Jewellery Shoppe.
  2872 | D:3      | Found a shimmering blue altar of Sif Muna.
  2914 | D:3      | Fell from the grace of Qazlal
  2914 | D:3      | Became a worshipper of Sif Muna the Loreminder
  3014 | D:3      | Noticed a rime drake
  3026 | D:3      | Killed a rime drake
  3029 | D:3      | Mangled by an earth elemental

Illustrated notes

Levels and vault maps discovered:
D:1:      minmay_arrival_nine_rooms, layout_basic, basic_ecumenical_altar
D:2:      layout_basic, serial_shops, nicolae_shop_statue_plus,
          minmay_misc_feat_four_crosses, minmay_tiny_reverse_x
D:3:      layout_rooms, mainiacjoe_overflow_alcove_1,
          gammafunk_temple_overflow_pools, gup_sewer_entry_pipe, uniq_ijyb

Skill      XL: |  1  2  3  4  5 |
---------------+----------------+-----
Unarmed Combat | 4 |  4.6
Transmutations | 3 |  3.0
Fighting       | |  1.0
Dodging        | |  2.8
Shields        | |  0.2
Spellcasting   | |  2.0
Poison Magic   | |  0.2

Action                   |  1- 3 |  4- 6 || total
-------------------------+-------+-------++-------
Melee: Unarmed           |    71 |    43 ||   114
       Tentacles         |    15 |     6 ||    21
       Constrict         |    17 |     5 ||    22
       Kick              |     6 |     3 ||     9
       Punch             |     2 |       ||     2
 Cast: Beastly Appendage |     8 |     1 ||     9
       Spider Form       |     1 |     4 ||     5
Invok: Upheaval          |     1 |       ||     1
  Use: Scroll            |     6 |     1 ||     7
 Stab: Sleeping          |     1 |       ||     1
Armor: Skin              |    17 |     2 ||    19
Dodge: Dodged            |    57 |    44 ||   101
Block: Other             |     5 |     2 ||     7

Table legend: (Time is in decaauts)
 A = Elapsed time spent in this place.
 B = Non-inter-level travel time spent in this place.
 C = Inter-level travel time spent in this place.
 D = Time resting spent in this place.
 E = Time spent auto-exploring this place.
 F = Levels seen in this place.
 G = Mean time per level.
                   A        B        C        D        E       F      G
               +--------+--------+--------+--------+--------+-----+--------+
         Total |   3021 |   2958 |     63 |    866 |   1624 |   3 | 1007.0 |
       Dungeon |   3021 |   2958 |     63 |    866 |   1624 |   3 | 1007.0 |
               +--------+--------+--------+--------+--------+-----+--------+

Top non-repeatable levels by time:
     D:2: 1658 daAuts
     D:1: 1207 daAuts
     D:3: 155 daAuts
